SKY
MIAMI MARLINS @ BALTIMORE ORIOLES
09/10/2051
 
TOP OF THE 1ST
Miami Marlins batting - Pitching for Baltimore Orioles : RHP Patamon Bauer
Pitching: RHP Patamon Bauer
Batting: LHB Joshua Roberts 0-0: Ball
1-0: Swinging Strike
1-1: Swinging Strike
1-2: Ball
2-2: Fly out, F7 (Flyball, 78M, EV 85.6 MPH)
Batting: RHB Ryan Ou 0-0: Called Strike
0-1: Ball
1-1: Foul Ball, location: 2F
1-2: Ground out 4-3 (Groundball, 4D, EV 98.1 MPH)
Batting: LHB Elijah Mitchell 0-0: Ball
1-0: Foul Ball, location: 2F
1-1: Called Strike
1-2: Strikes out swinging
Top of the 1st over - 0 runs, 0 hits, 0 errors, 0 left on base; Miami 0 - Baltimore 0
BOTTOM OF THE 1ST
Baltimore Orioles batting - Pitching for Miami Marlins : LHP Eleazar Ramírez
Pitching: LHP Eleazar Ramírez
Batting: RHB Grayson Burdick 0-0: SINGLE (Flyball, 78S, EV 86.9 MPH)
Batting: SHB Magglio Trego 0-0: Swinging Strike
0-1: Ball
1-1: Called Strike
1-2: Strikes out swinging
Batting: RHB Truman Jackson 0-0: Grounds into double play, 5-4-3 (Groundball, 56S, EV 90.0 MPH)
Bottom of the 1st over - 0 runs, 1 hit, 0 errors, 0 left on base; Miami 0 - Baltimore 0
TOP OF THE 2ND
Miami Marlins batting - Pitching for Baltimore Orioles : RHP Patamon Bauer
Batting: LHB David Almager 0-0: Called Strike
0-1: Ball
1-1: Ball
2-1: Foul Ball, location: 3FF
2-2: Ball
3-2: Foul Ball, location: 5F
3-2: Ground out 5-3 (Groundball, 56, EV 85.0 MPH)
Batting: RHB Sam Calder 0-0: Called Strike
0-1: Foul Ball, location: 9LMF
0-2: Ball
1-2: Ball
2-2: Foul Ball, location: 5F
2-2: Foul Ball, location: 3F
2-2: Ball
3-2: Foul Ball, location: 3F
3-2: Ground out 4-3 (Groundball, 4MD, EV 105.6 MPH)
Batting: RHB Miles Hallam 0-0: Fly out, F9 (Flyball, 9LM, EV 105.0 MPH)
Top of the 2nd over - 0 runs, 0 hits, 0 errors, 0 left on base; Miami 0 - Baltimore 0
BOTTOM OF THE 2ND
Baltimore Orioles batting - Pitching for Miami Marlins : LHP Eleazar Ramírez
Batting: RHB Yovi Pizana 0-0: Called Strike
0-1: Ground out U3 (Groundball, 34S, EV 81.3 MPH)
Batting: RHB Redford Washington 0-0: Foul Ball, location: 2F
0-1: Hit by Pitch
Batting: RHB Gunner Parks 0-0: Ball
1-0: Called Strike
1-1: Ball
Redford Washington is caught stealing 2nd base 2-4
2-1: Called Strike
2-2: Ball
3-2: Ground out 2-3 (Groundball, 2R, EV 71.3 MPH)
Bottom of the 2nd over - 0 runs, 0 hits, 0 errors, 0 left on base; Miami 0 - Baltimore 0
TOP OF THE 3RD
Miami Marlins batting - Pitching for Baltimore Orioles : RHP Patamon Bauer
Batting: LHB Michael Clark 0-0: Ground out 3-1 (Groundball, 34, EV 90.0 MPH)
Batting: LHB Standen Mocadlo 0-0: Called Strike
0-1: Ball
1-1: Foul Ball, location: 2F
1-2: Ball
2-2: Foul Ball, location: 7LMF
2-2: SINGLE (Groundball, 6MD, EV 82.5 MPH) (infield hit)
Batting: RHB Matías Iñiguez 0-0: Ball
1-0: Foul Ball, location: 9LMF
1-1: Called Strike
1-2: Foul Ball, location: 2F
1-2: Ball
2-2: Ball
3-2: Foul Ball, location: 5F
3-2: Foul Ball, location: 9LDF
3-2: Foul Ball, location: 9LMF
3-2: Foul Ball, location: 2F
3-2: Base on Balls
Standen Mocadlo to second
Batting: LHB Joshua Roberts 0-0: Called Strike
0-1: Foul Ball, location: 5FF
0-2: Ball
1-2: Ball
2-2: Ball
3-2: Foul Ball, location: 2F
3-2: Foul Ball, location: 2F
3-2: SINGLE (Groundball, 4MD, EV 98.1 MPH)
Standen Mocadlo to third
Matías Iñiguez to second
Runner from 3rd tries for Home, SAFE, throw by CF to home
Batting: RHB Ryan Ou 0-0: Foul Ball, location: 2F
0-1: SINGLE (Line Drive, 6MD, EV 103.8 MPH)
Matías Iñiguez to third
Joshua Roberts to second
Runner from 3rd tries for Home, SAFE, throw by CF to home
Batting: LHB Elijah Mitchell 0-0: Swinging Strike
0-1: Ball
1-1: Foul Ball, location: 2F
1-2: Strikes out looking
Batting: LHB David Almager 0-0: Ball
1-0: Called Strike
1-1: Fly out, F8 (Flyball, 8LD, EV 95.0 MPH)
Top of the 3rd over - 2 runs, 3 hits, 0 errors, 2 left on base; Miami 2 - Baltimore 0
BOTTOM OF THE 3RD
Baltimore Orioles batting - Pitching for Miami Marlins : LHP Eleazar Ramírez
Batting: RHB Russ Lavin 0-0: Ball
1-0: Fly out, F7 (Flyball, 78S, EV 91.9 MPH)
Batting: RHB Gonçalo Melo 0-0: Ball
1-0: Ground out 6-3 (Groundball, 6, EV 86.3 MPH)
Batting: RHB Martin Taylor 0-0: Ball
1-0: Foul Ball, location: 9LMF
1-1: Ground out 6-3 (Groundball, 6M, EV 95.0 MPH)
Bottom of the 3rd over - 0 runs, 0 hits, 0 errors, 0 left on base; Miami 2 - Baltimore 0
TOP OF THE 4TH
Miami Marlins batting - Pitching for Baltimore Orioles : RHP Patamon Bauer
Batting: RHB Sam Calder 0-0: Called Strike
0-1: Ball
1-1: Ball
2-1: Swinging Strike
2-2: Foul Ball, location: 9LSF
2-2: Ball
3-2: Strikes out swinging
Batting: RHB Miles Hallam 0-0: Fly out, F7 (Flyball, 7, EV 93.8 MPH)
Batting: LHB Michael Clark 0-0: Ground out 4-3 (Groundball, 4S, EV 77.5 MPH)
Top of the 4th over - 0 runs, 0 hits, 0 errors, 0 left on base; Miami 2 - Baltimore 0
BOTTOM OF THE 4TH
Baltimore Orioles batting - Pitching for Miami Marlins : LHP Eleazar Ramírez
Batting: RHB Grayson Burdick 0-0: Ball
1-0: Ball
2-0: Swinging Strike
2-1: Called Strike
2-2: Ball
3-2: Strikes out swinging
Batting: SHB Magglio Trego 0-0: Called Strike
0-1: Ball
1-1: SINGLE (Groundball, 56D, EV 96.3 MPH)
Batting: RHB Truman Jackson 0-0: Ball
1-0: Called Strike
1-1: Called Strike
1-2: Strikes out swinging
Batting: RHB Yovi Pizana 0-0: Ball
1-0: Ball
2-0: Ball
3-0: Base on Balls
Magglio Trego to second
Batting: RHB Redford Washington 0-0: SINGLE (Flyball, 89S, EV 98.1 MPH)
Magglio Trego to third
Yovi Pizana to second
Runner from 3rd tries for Home, SAFE, throw by RF to home
Batting: RHB Gunner Parks 0-0: Called Strike
0-1: Fielders Choice at 2nd, U4 (Groundball, 4M, EV 90.0 MPH)
Bottom of the 4th over - 1 run, 2 hits, 0 errors, 2 left on base; Miami 2 - Baltimore 1
TOP OF THE 5TH
Miami Marlins batting - Pitching for Baltimore Orioles : RHP Patamon Bauer
Batting: LHB Standen Mocadlo 0-0: SINGLE (Line Drive, 56D, EV 98.8 MPH)
Batting: RHB Matías Iñiguez 0-0: Swinging Strike
0-1: Called Strike
0-2: SINGLE (Groundball, 13, EV 87.5 MPH) (infield hit)
Standen Mocadlo to second
Batting: LHB Joshua Roberts 0-0: Called Strike
0-1: Ball
1-1: Ball
2-1: Bunt - Flyout to P! F1
Batting: RHB Ryan Ou 0-0: Ball
1-0: Called Strike
1-1: Fly out, F8 (Flyball, 8RD, EV 90.6 MPH)
Runner from 2nd tags up, SAFE at 3rd with throw by CF
Pitching: RHP Yelix Ribera
Batting: LHB Elijah Mitchell 0-0: Ball
1-0: Fielders Choice at 2nd, 6-4 (Groundball, 6MD, EV 83.1 MPH)
Top of the 5th over - 0 runs, 2 hits, 0 errors, 2 left on base; Miami 2 - Baltimore 1
BOTTOM OF THE 5TH
Baltimore Orioles batting - Pitching for Miami Marlins : LHP Eleazar Ramírez
Batting: RHB Russ Lavin 0-0: Ball
1-0: Called Strike
1-1: Swinging Strike
1-2: Strikes out swinging
Batting: RHB Gonçalo Melo 0-0: Ball
1-0: Ball
2-0: Fly out, F4 (Popup, 34, EV 50.6 MPH)
Batting: RHB Martin Taylor 0-0: Foul Ball, location: 7LSF
0-1: Ball
1-1: Ball
2-1: Foul Ball, location: 2F
2-2: Ball
3-2: Ground out 6-3 (Groundball, 6, EV 85.0 MPH)
Bottom of the 5th over - 0 runs, 0 hits, 0 errors, 0 left on base; Miami 2 - Baltimore 1
TOP OF THE 6TH
Miami Marlins batting - Pitching for Baltimore Orioles : RHP Yelix Ribera
Batting: LHB David Almager 0-0: Foul Ball, location: 2F
0-1: Foul Ball, location: 25FF
0-2: Foul Ball, location: 2F
0-2: Ball
1-2: Ground out 4-3 (Groundball, 4, EV 106.3 MPH)
Batting: RHB Sam Calder 0-0: Foul Ball, location: 25F
0-1: Foul Ball, location: 9LSF
0-2: Fly out, F7 (Flyball, 7, EV 81.3 MPH)
Batting: RHB Miles Hallam 0-0: Swinging Strike
0-1: Swinging Strike
0-2: Ball
1-2: Strikes out swinging
Top of the 6th over - 0 runs, 0 hits, 0 errors, 0 left on base; Miami 2 - Baltimore 1
BOTTOM OF THE 6TH
Baltimore Orioles batting - Pitching for Miami Marlins : LHP Eleazar Ramírez
Batting: RHB Grayson Burdick 0-0: Ball
1-0: Ball
2-0: Swinging Strike
2-1: DOUBLE (Line Drive, 89M, EV 90.0 MPH)
Batting: SHB Magglio Trego 0-0: Called Strike
0-1: SINGLE (Groundball, 6MD, EV 103.1 MPH)
Grayson Burdick to third
Runner from 3rd tries for Home, SAFE, throw by CF to home
Now in CF: Will McBee
Batting: RHB Truman Jackson 0-0: Called Strike
0-1: Swinging Strike
0-2: Ball
1-2: Foul Ball, location: 23F
1-2: Ball
2-2: Strikes out swinging
Batting: RHB Yovi Pizana 0-0: Fly out, F6 (Line Drive, 6, EV 65.6 MPH)
Batting: RHB Redford Washington 0-0: Called Strike
0-1: SINGLE (Groundball, 6D, EV 108.8 MPH)
Magglio Trego to second
Batting: RHB Gunner Parks 0-0: Ball
1-0: DOUBLE (Flyball, 78XD, EV 99.4 MPH)
Magglio Trego scores
Redford Washington to third
Runner from 3rd tries for Home, SAFE, no throw by CF
Batting: RHB Russ Lavin 0-0: Ball
1-0: Called Strike
1-1: Fly out, F9 (Flyball, 9S, EV 95.6 MPH)
Bottom of the 6th over - 3 runs, 4 hits, 0 errors, 1 left on base; Miami 2 - Baltimore 4
TOP OF THE 7TH
Miami Marlins batting - Pitching for Baltimore Orioles : RHP Yelix Ribera
Batting: LHB Michael Clark 0-0: Ball
1-0: DOUBLE (Line Drive, 7LM, EV 108.8 MPH)
Batting: RHB Will McBee 0-0: Ball
1-0: Ball
2-0: Ball
3-0: Base on Balls
Batting: RHB Matías Iñiguez 0-0: Called Strike
0-1: Called Strike
0-2: Ball
1-2: Ball
2-2: SINGLE (Flyball, 4D, EV 95.0 MPH)
Michael Clark to third
Will McBee to second
Batting: LHB Joshua Roberts 0-0: Ball
1-0: Ball
2-0: Grounds into fielders choice 3-2 (Groundball, 3S, EV 82.5 MPH)
Will McBee to third
Matías Iñiguez to second
Batting: RHB Ryan Ou 0-0: SINGLE (Line Drive, 8RS, EV 96.3 MPH)
Will McBee scores
Matías Iñiguez to third
Joshua Roberts to second
Pitching: LHP Efrain Gould
Batting: LHB Elijah Mitchell 0-0: Called Strike
0-1: Swinging Strike
0-2: Foul Ball, location: 2F
0-2: Foul Ball, location: 5FF
0-2: Strikes out swinging
Batting: LHB David Almager 0-0: Ground out 5-3 (Groundball, 6S, EV 86.9 MPH)
Top of the 7th over - 1 run, 3 hits, 0 errors, 3 left on base; Miami 3 - Baltimore 4
BOTTOM OF THE 7TH
Baltimore Orioles batting - Pitching for Miami Marlins : LHP Eleazar Ramírez
Batting: RHB Gonçalo Melo 0-0: Ball
1-0: Ball
2-0: Called Strike
2-1: SINGLE (Line Drive, 8LS, EV 104.4 MPH)
Batting: RHB Martin Taylor 0-0: Called Strike
0-1: Bunted foul
0-2: Foul Ball, location: 7LSFF
0-2: Strikes out swinging
Batting: RHB Grayson Burdick 0-0: Foul Ball, location: 7LMF
0-1: Foul Ball, location: 7LDF
0-2: Ground out U3 (Groundball, 34S, EV 70.6 MPH)
Gonçalo Melo to second
Batting: SHB Magglio Trego 0-0: Ball
1-0: Called Strike
1-1: Ball
2-1: Ball
3-1: Ground out 5-3 (Groundball, 5L, EV 79.4 MPH)
Bottom of the 7th over - 0 runs, 1 hit, 0 errors, 1 left on base; Miami 3 - Baltimore 4
TOP OF THE 8TH
Miami Marlins batting - Pitching for Baltimore Orioles : LHP Efrain Gould
Pitching: RHP Charlie Kerr
Batting: RHB Sam Calder 0-0: Foul Ball, location: 5F
0-1: Foul Ball, location: 23FF
0-2: Ball
1-2: Ground out 6-3 (Groundball, 6, EV 83.1 MPH)
Batting: RHB Miles Hallam 0-0: Ball
1-0: Ball
2-0: Ball
3-0: Swinging Strike
3-1: Ground out 5-3 (Groundball, 56S, EV 66.9 MPH)
Batting: LHB Michael Clark 0-0: Called Strike
0-1: Swinging Strike
0-2: SOLO HOME RUN (Flyball, 9D, EV 96.9 MPH), Distance : 394 ft
Pinch Hitting: LHB Britt Lane 0-0: Called Strike
0-1: Foul Ball, location: 2F
0-2: Strikes out swinging
Top of the 8th over - 1 run, 1 hit, 0 errors, 0 left on base; Miami 4 - Baltimore 4
BOTTOM OF THE 8TH
Baltimore Orioles batting - Pitching for Miami Marlins : LHP Eleazar Ramírez
Now in CF: Britt Lane
Batting: RHB Truman Jackson 0-0: Ball
1-0: Swinging Strike
1-1: Ball
2-1: Foul Ball, location: 5FF
2-2: Strikes out swinging
Pitching: RHP Calbert Gavin
Batting: LHB Tony Goerner 0-0: Ball
1-0: SOLO HOME RUN (Flyball, 89XD, EV 111.3 MPH), Distance : 437 ft
Pitching: LHP Ricky Conklin
Batting: RHB Redford Washington 0-0: Fly out, F7 (Flyball, 7, EV 94.4 MPH)
Batting: RHB Gunner Parks 0-0: Swinging Strike
0-1: Ball
1-1: Ball
2-1: Called Strike
2-2: Ball
3-2: Foul Ball, location: 2F
3-2: DOUBLE (Flyball, 8RXD, EV 92.5 MPH)
Batting: RHB Russ Lavin 0-0: Swinging Strike
0-1: Ball
1-1: Ball
2-1: Ball
3-1: Ground out 6-3 (Groundball, 6M, EV 80.6 MPH)
Bottom of the 8th over - 1 run, 2 hits, 0 errors, 1 left on base; Miami 4 - Baltimore 5
TOP OF THE 9TH
Miami Marlins batting - Pitching for Baltimore Orioles : RHP Charlie Kerr
Pitching: RHP Kyle Baker
Batting: RHB Matías Iñiguez 0-0: Ball
1-0: Called Strike
1-1: Fly out, F8 (Flyball, 8RD, EV 98.8 MPH)
Batting: LHB Joshua Roberts 0-0: Ball
1-0: Fly out, F8 (Flyball, 8RM, EV 85.0 MPH)
Batting: RHB Ryan Ou 0-0: Called Strike
0-1: Ball
1-1: Called Strike
1-2: Ball
2-2: Ball
3-2: Ground out 5-3 (Groundball, 56, EV 76.9 MPH)
Top of the 9th over - 0 runs, 0 hits, 0 errors, 0 left on base; Miami 4 - Baltimore 5
Friday, March 29th , 2024 - OOTP Baseball 24.11 Build 85